 Dungeon Crawl Stone Soup version 0.30.1-3-gfc49f6343a (webtiles) character file.

Game seed: 1468655529292267689

262109 Pepete the Tortoise (level 19, -5/182 HPs)
             Began as a Minotaur Berserker on July 24, 2023.
             Was a High Priest of Trog.
             Killed from afar by a starcursed mass (15 damage)
             ... with an accursed screaming
             ... on level 2 of the Abyss on July 25, 2023.
             The game lasted 01:49:52 (67366 turns).

Pepete the Tortoise (Minotaur Berserker)           Turns: 67366, Time: 01:49:53

Health: -5/182     AC: 43    Str: 34      XL:     19   Next: 21%
Magic:  18/18      EV:  7    Int:  1 (12) God:    Trog [*****.]
Gold:   3583       SH: 29    Dex: 12      Spells: 18/18 levels left

rFire   . . .        O - +4 eveningstar (flame)
rCold   + . .        o - +6 tower shield of Patience {Harm rPois Will- rCorr}
rNeg    + . .        j - +1 crystal plate armour {rC+}
rPois   +            Q - +2 hat
rElec   +            S - +2 cloak {rCorr}
rCorr   +            l - +2 pair of gloves
SInv    .            D - +1 pair of boots of the Distant Future {Will+ Int+3}
Will    +....        V - amulet of Temperance {Reflect Regen+ SH+5} Stlth
                     P - ring "Ummuocy" {rN+ AC+4 Int+5 Stlth+}
HPRegen 1.30/turn    W - ring of Laife {rElec Str+6}
MPRegen 0.16/turn

%: harm (+30% outgoing, +20% incoming), reflection
@: about to teleport, on berserk cooldown, slowed, studying 2 skills, very slow
A: horns 2, retaliatory headbutt
}: 2/15 runes: decaying, serpentine
a: Renounce Religion, Berserk, Trog's Hand, Brothers in Arms


You were on level 2 of the Abyss.
You worshipped Trog.
Trog was extremely pleased with you.
You visited 6 branches of the dungeon, and saw 31 of its levels.
You visited the Abyss 1 time.
You also visited: Trove, Bailey and Ice Cave.

You collected 3877 gold pieces.
You spent 294 gold pieces at shops.

Inventory:

Hand Weapons
 d - a +4 antimagic hand crossbow
 i - a +2 broad axe of flaming
 E - the +6 war axe of Satyriasis {heavy, *Noise rC+ rN+ Dex+4}
   (Trog gifted it to you on level 4 of the Snake Pit)

   Dex:       It affects your dexterity (+4).
   rC:        It protects you from cold.
   rN:        It protects you from negative energy.
   *Noise:    It may make noises in combat.
 I - a +0 eveningstar of protection
 O - a +4 eveningstar of flaming (weapon)
 X - a +2 demon whip of venom
Missiles
 w - 5 throwing nets (quivered)
Armour
 j - a +1 crystal plate armour of cold resistance (worn)
 l - a +2 pair of gloves (worn)
 o - the +6 tower shield of Patience (worn) {Harm rPois Will- rCorr}
   (You acquired it on level 2 of the Swamp)

   rPois:     It protects you from poison.
   rCorr:     It protects you from acid and corrosion.
   Harm:      It increases damage dealt and taken.
   Will:      It decreases your willpower.
 D - the +1 pair of boots of the Distant Future (worn) {Will+ Int+3}
   (You acquired it on level 10 of the Dungeon)

   Int:       It affects your intelligence (+3).
   Will:      It increases your willpower.
 Q - a +2 hat (worn)
 S - a +2 cloak of preservation (worn)
Jewellery
 f - a +6 ring of intelligence
 s - a +5 ring of evasion
 y - the ring of Suel {rCorr Dex+2}
   (You found it on level 6 of the Dungeon)

   [ring of resist corrosion]

   Dex:       It affects your dexterity (+2).
   rCorr:     It protects you from acid and corrosion.
 H - the ring of Zuleshia {rElec rPois MP+9 Stlth+}
   (You took it off an efreet on level 11 of the Dungeon)

   [ring of magical power]

   rElec:     It insulates you from electricity.
   rPois:     It protects you from poison.
   MP:        It affects your magic capacity (+9).
   Stlth:     It makes you more stealthy.
 M - the amulet "Icre" {Spirit rElec Regen+}
   (You found it on level 11 of the Dungeon)

   [amulet of guardian spirit]

   It causes incoming damage to be divided between your reserves of health and
   magic.
   rElec:     It insulates you from electricity.
   Regen:     It increases your rate of health regeneration.
 P - the ring "Ummuocy" (left hand) {rN+ AC+4 Int+5 Stlth+}
   (You took it off an orc knight on level 11 of the Dungeon)

   [ring of protection]

   AC:        It affects your AC (+4).
   Int:       It affects your intelligence (+5).
   rN:        It protects you from negative energy.
   Stlth:     It makes you more stealthy.
 V - the amulet of Temperance (around neck) {Reflect Regen+ SH+5}
   (You found it on level 11 of the Dungeon)

   [amulet of reflection]

   It reflects blocked missile attacks.
   Regen:     It increases your rate of health regeneration.
   SH:        It affects your SH (+5).
 W - the ring of Laife (right hand) {rElec Str+6}
   (You found it in a treasure trove)

   [ring of strength]

   Str:       It affects your strength (+6).
   rElec:     It insulates you from electricity.
 Y - a ring of see invisible
Wands
 a - a wand of mindburst (11)
 g - a wand of digging (9)
 m - a wand of polymorph (27)
 p - a wand of iceblast (35)
 B - a wand of quicksilver (28)
 J - a wand of charming (25)
 T - a wand of flame (9)
Scrolls
 c - a scroll of teleportation
 e - 2 scrolls of summoning
 h - a scroll of silence
 n - 2 scrolls of magic mapping
 t - a scroll of poison
 u - a scroll of brand weapon
 A - a scroll of blinking
 C - 13 scrolls of identify
 K - a scroll of fog
 R - 6 scrolls of fear
Potions
 b - 4 potions of berserk rage
 k - 4 potions of might
 q - 14 potions of curing
 r - a potion of magic
 v - a potion of haste
 x - 2 potions of ambrosia
 z - 4 potions of cancellation
 L - a potion of flight
 N - 5 potions of resistance
 Z - 4 potions of invisibility


   Skills:
 + Level 19.1 Fighting
 - Level 16.4(18.7) Axes
 - Level 14.9(17.9) Maces & Flails
 * Level 18.1 Ranged Weapons
 + Level 19.3 Armour
 - Level 2.1 Dodging
 - Level 15.9 Shields


You had 18 spell levels left.
You didn't know any spells.
Your spell library was empty.

Dungeon Overview and Level Annotations

Branches:
Dungeon (15/15)            Temple (0/1) D:4            Lair (5/5) D:9
  Swamp (4/4) Lair:2        Snake (4/4) Lair:3        Slime (0/5) Lair:4
    Orc (2/2) D:12            Elf (1/3) Orc:2 Zot: 814  Vaults (0/5) D:14
 Depths (0/4) D:15         Bailey (visited)           IceCv (visited)

Altars:
Cheibriados
Elyvilon
Fedhas
Gozag
Hepliaklqana
Kikubaaqudgha
Makhleb
Nemelex Xobeh
Okawaru
Qazlal
Uskayaw
Wu Jian
Xom
Yredelemnul
The Shining One
Jiyva

Shops:
Orc:1 !   Orc:2 ((*(   Snake:1 :

Annotations:
D:8 2 transporters, pogojo's ghost, novice DEEE
D:11 4 runed translucent doors
Swamp:4 2 exclusions
Snake:1 2 runed translucent doors, Pepete's ghost, adept DjFE
Orc:2 3 runed translucent doors, bronco's ghost, journeyman TrAr
Elf:1 9 runed translucent doors


Innate Abilities, Weirdness & Mutations

You have a pair of horns on your head.
You reflexively headbutt those who attack you in melee.


Message History

You feel much better. The sun demon hits you.
* * * LOW HITPOINT WARNING * * *
You are engulfed in flames!
* * * LOW HITPOINT WARNING * * *
The starcursed mass touches you but does no damage.
Unknown command.
You feel better. You block the sun demon's attack. The neqoxec gestures at you.
You feel dopey. Something feeds on your intellect!
You block the starcursed mass's attack.
The sun demon hits you but does no damage.
A tentacle flies out from the starspawn's body!
The balrug gestures at you. Something smites you!
* * * LOW HITPOINT WARNING * * *
The starcursed mass touches you but does no damage.
A starspawn tentacle comes into view.
You feel better. You block the sun demon's attack.
You block the starcursed mass's attack. You block the sun demon's attack.
A starspawn tentacle comes into view.
Unknown command.
You feel better. The neqoxec gestures at you.
You feel dopey. Something feeds on your intellect!
The sun demon barely misses you. You furiously retaliate!
You headbutt the sun demon! You block the starcursed mass's attack.
The sun demon barely misses you. You furiously retaliate!
You headbutt the sun demon!
A deafening chorus of shrieks assaults your mind!
* * * LOW HITPOINT WARNING * * *
You feel better. You block the sun demon's attack.
You block the starcursed mass's attack.
The sun demon hits you but does no damage.
A deafening chorus of shrieks assaults your mind!
* * * LOW HITPOINT WARNING * * *
Unknown command.
You feel better. You block the starcursed mass's attack.
You block the sun demon's attack.
A deafening chorus of shrieks assaults your mind!
You die... .## . #.. ... 5X### #X#. #XX

# #X## .
#X## . .
# ##@##
. ##3##
. . #
##3# . .
#3p .#
.Z'#. .
#.## #..
.
##....##
... # p#
..


You could see 6 starcursed masses, a hell knight (fast), a sun demon, a smoke
demon, a neqoxec, an ufetubus and a nagaraja zombie.

Vanquished Creatures
  Mara (Swamp:4)
  Vashnia (Snake:4)
  Rupert (Lair:4)
  2 thorn hunters
  Donald (Swamp:3)
  Roxanne (Snake:1)
  5 nagarajas
  2 fenstrider witches (Swamp:2)
  Aizul (Swamp:3)
  A curse skull (Orc:2)
  A ghoul (Elf:1)
  4 very ugly things (Abyss:2)
  6 eleionomae
  A deep elf demonologist (Elf:1)
  9 bunyips
  2 ettins
  2 deep elf death magi (Elf:1)
  Josephine (Orc:1)
  2 deep elf high priests (Elf:1)
  A shambling mangrove (Swamp:4)
  22 hydras
  4 salamander tyrants
  8 anacondas
  Erica (D:8)
  Fannar (Orc:1)
  5 catoblepae
  4 ogre magi
  6 centaur warriors
  7 dancing weapons
  5 alligators
  A death knight (D:15)
  3 boulder beetles
  13 naga warriors
  7 tengu warriors
  16 two-headed ogres
  6 death yaks
  A vampire mage (Elf:1)
  A thrashing horror (Abyss:2)
  11 naga sharpshooters
  5 shock serpents
  2 hell knights (Abyss:2)
  Amaemon (Lair:1)
  Nergalle (Orc:1)
  2 sun demons (Abyss:2)
  4 deep elf knights (Elf:1)
  A fire crab (Lair:4)
  A fire crab (shapeshifter) (D:15)
  2 skysharks
  5 salamander mystics
  4 skeletal warriors
  A sea snake (Snake:1)
  A deep troll (D:15)
  8 goliath frogs
  6 naga ritualists
  9 swamp dragons
  8 spriggan druids
  3 wizards
  5 bog bodies
  11 deep elf zephyrmancers (Elf:1)
  A phantasmal warrior (Elf:1)
  9 deep elf archers (Elf:1)
  4 lindwurms (D:11)
  A necromancer (Abyss:2)
  Pikel (D:5)
  9 deep elf pyromancers
  8 mana vipers
  5 orc knights
  18 ugly things
  A manticore (shapeshifter) (D:15)
  7 cyclopes
  17 salamanders
  5 will-o-the-wisps
  A wolf spider (Lair:5)
  3 manticores
  4 orc sorcerers
  11 elephants
  43 black mambas
  3 guardian serpents
  3 spectral elves (Elf:1)
  18 naga magi
  An ice statue (IceCv)
  A molten gargoyle (Lair:1)
  A torpor snail (Lair:4)
  Maggie (D:7)
  2 gargoyles
  20 cane toads
  An orange demon (Lair:1)
  Maurice (D:9)
  An unseen horror (D:13)
  3 unseen horror zombies (D:9)
  A kobold demonologist (Bailey)
  An anaconda simulacrum (IceCv)
  A rime drake (Lair:1)
  10 komodo dragons
  A tormentor (Abyss:2)
  3 tengu conjurers
  An efreet (D:11)
  2 freezing wraiths
  5 trolls
  2 polar bears
  12 hornets
  A starcursed mass (Abyss:2)
  14 tyrant leeches
  2 raiju (Abyss:2)
  14 blink frogs
  4 dream sheep (Lair:5)
  A slime creature (D:11)
  12 spriggans
  53 yaks
  A dire elephant simulacrum (IceCv)
  A flying skull (Elf:1)
  A vampire (D:12)
  An air elemental (Elf:1)
  Eustachio (D:5)
  A shadow (D:9)
  A centaur simulacrum (D:11)
  3 basilisks
  10 wraiths
  15 wyverns
  A fire elemental (Elf:1)
  3 steam dragons
  2 redbacks (Lair:5)
  16 vampire mosquitoes
  3 death yak simulacra (IceCv)
  10 swamp worms
  3 wargs (D:9)
  47 nagas
  3 acid dragons
  2 hydra simulacra (IceCv)
  15 water moccasins
  6 ice beasts
  22 orc warriors
  A sky beast (D:6)
  5 black bears
  10 swamp drakes
  A small abomination (Abyss:2)
  10 wolves
  29 ogres
  2 elf simulacra (Elf:1)
  3 lemures
  9 centaurs
  2 kobold brigands
  Blork the orc (D:5)
  13 bullfrogs
  A cane toad simulacrum (IceCv)
  4 gnoll sergeants
  A wyvern zombie (D:9)
  A scorpion (D:7)
  18 wights
  5 two-headed ogre simulacra (IceCv)
  11 killer bees
  2 elephant simulacra (IceCv)
  7 jellies
  9 electric eels
  8 howler monkeys
  4 centaur zombies (D:9)
  4 hounds
  Crazy Yiuf (D:7)
  4 gnoll boudas
  9 orc priests
  A sleepcap (D:7)
  Terence (D:3)
  6 iguanas
  16 orc wizards
  A polar bear simulacrum (IceCv)
  11 hell rats
  3 spriggan simulacra (IceCv)
  7 troll simulacra (IceCv)
  A wolf simulacrum (IceCv)
  A howler monkey zombie (D:9)
  22 gnolls
  11 adders
  7 naga simulacra (IceCv)
  3 shadow imps (D:6)
  12 white imps
  7 ufetubi
  A worm (D:4)
  92 orcs
  8 bats
  7 endoplasms
  A giant cockroach (D:1)
  8 goblins
  9 hobgoblins
  11 jackals
  3 quokkas
  10 ball pythons
  5 frilled lizards
  5 kobolds
  2 rats
  A lost soul (Elf:1)
1207 creatures vanquished.

Vanquished Creatures (collateral kills)
  2 swamp dragons (Swamp:3)
2 creatures vanquished.

Vanquished Creatures (others)
  A deep elf zephyrmancer (Elf:1)
  A spriggan (Swamp:4)
  34 foxfires
  2 starspawn tentacles (Abyss:2)
38 creatures vanquished.

Grand Total: 1247 creatures vanquished

Notes
Turn   | Place    | Note
-------+----------+-------------------------------------------
     0 | D:1      | Pepete the Minotaur Berserker began the quest for the Orb.
     0 | D:1      | Reached XP level 1. HP: 19/19 MP: 0/0
   319 | D:1      | Reached XP level 2. HP: 27/27 MP: 1/1
  1131 | D:2      | Reached XP level 3. HP: 33/33 MP: 2/2
  1594 | D:3      | Reached ** piety under Trog
  1732 | D:3      | Noticed Terence
  1737 | D:3      | Killed Terence
  1738 | D:3      | Reached XP level 4. HP: 40/40 MP: 3/3
  2278 | D:4      | Found a stormy altar of Qazlal.
  2371 | D:4      | Reached XP level 5. HP: 47/47 MP: 4/4
  2460 | D:4      | Reached skill level 5 in Armour
  2612 | D:4      | Reached skill level 5 in Fighting
  2612 | D:4      | Reached skill level 5 in Axes
  2612 | D:4      | Reached XP level 6. HP: 30/56 MP: 5/5
  3393 | D:4      | Found a staircase to the Ecumenical Temple.
  3631 | D:4      | Reached *** piety under Trog
  3721 | D:5      | Entered Level 5 of the Dungeon
  3721 | D:5      | Noticed Pikel
  3979 | D:5      | Killed Pikel
  3980 | D:5      | Reached XP level 7. HP: 49/64 MP: 6/6
  4752 | D:5      | Reached XP level 8. HP: 73/73 MP: 7/7
  4895 | D:5      | Noticed Eustachio
  4907 | D:5      | You fall into a shaft and drop 1 floor!
  5488 | D:5      | Found an ancient bone altar of Kikubaaqudgha.
  5505 | D:5      | Noticed Blork the orc
  5510 | D:5      | Killed Blork the orc
  5608 | D:5      | Killed Eustachio
  6051 | D:6      | Identified the ring of Suel {rCorr Dex+2}
  6061 | D:6      | Reached XP level 9. HP: 78/82 MP: 8/8
  6376 | D:6      | Found a sparkling altar of Nemelex Xobeh.
  6942 | D:7      | Noticed Maggie
  6955 | D:7      | Killed Maggie
  7016 | D:7      | Identified the +2 halberd "Goblinslayer" {heavy, +Blink
                  | rCorr}
  7763 | D:7      | Reached skill level 10 in Armour
  8095 | D:7      | Reached skill level 10 in Fighting
  8095 | D:7      | Reached skill level 10 in Axes
  8171 | D:7      | Identified the +5 chain mail of the True Pharaoh {Rampage
                  | Dex+4}
  8337 | D:7      | Noticed a cyclops
  8337 | D:7      | Noticed a cyclops
  8348 | D:7      | Killed a cyclops
  8349 | D:7      | Reached XP level 10. HP: 94/94 MP: 9/9
  8353 | D:7      | Killed a cyclops
  8424 | D:7      | Found a white marble altar of Elyvilon.
  8722 | D:7      | Found a runed translucent door.
  8723 | D:7      | Noticed Crazy Yiuf
  8729 | D:7      | Killed Crazy Yiuf
  8911 | D:8      | Noticed Erica
  8934 | D:8      | Killed Erica
  8947 | D:8      | Reached **** piety under Trog
  9681 | D:8      | Found a shimmering altar of Xom.
 10482 | D:8      | Found an iron altar of Okawaru.
 10483 | D:8      | Found a snail-covered altar of Cheibriados.
 10484 | D:8      | Found a hazy altar of Hepliaklqana.
 10485 | D:8      | Found a basalt altar of Yredelemnul.
 10569 | D:8      | Found a transporter.
 10569 | D:8      | Found a transporter.
 10967 | D:8      | Identified the ring "Epiyrr" {rC+ Str+3}
 11137 | D:8      | Identified the +4 trident of Gluttony {elec, rElec}
 11137 | D:8      | Identified the +0 kite shield of Howling Wind {rF+ rN++}
 11506 | D:8      | Noticed pogojo's ghost (novice DEEE)
 11739 | D:9      | Found a flagged portal.
 11776 | Bailey   | Entered a bailey
 12274 | Bailey   | Noticed an orc sorcerer
 12283 | Bailey   | Killed an orc sorcerer
 12284 | Bailey   | Reached XP level 11. HP: 104/104 MP: 10/10
 12622 | Bailey   | Found an iron altar of Okawaru.
 12622 | Bailey   | Noticed an orc knight
 12633 | Bailey   | Killed an orc knight
 12685 | Bailey   | Identified the +0 ring mail of the Black Skies {Rampage
                  | Drain rPois Int-2}
 12687 | Bailey   | Identified the +0 pair of gloves of Contentment {rPois
                  | Str-5 Int+6 SInv}
 12731 | Bailey   | Noticed an orc knight
 12742 | Bailey   | Killed an orc knight
 14963 | D:9      | Found a staircase to the Lair.
 15163 | D:9      | Noticed Maurice
 15174 | D:9      | Killed Maurice
 15717 | D:10     | Entered Level 10 of the Dungeon
 16203 | D:10     | Found a blossoming altar of Fedhas.
 16678 | D:10     | Found a portal to a secret trove of treasure.
 16751 | D:10     | Acquired the +1 pair of boots of the Distant Future {Will+
                  | Int+3}
 17134 | D:10     | Reached ***** piety under Trog
 17394 | D:11     | Reached XP level 12. HP: 103/116 MP: 11/11
 18359 | D:11     | Noticed a two-headed ogre
 18367 | D:11     | Killed a two-headed ogre
 19241 | D:12     | Reached skill level 15 in Armour
 19596 | D:12     | Noticed a tengu warrior
 19608 | D:12     | Killed a tengu warrior
 19904 | D:11     | Paralysed by a hornet for 3 turns
 20268 | D:11     | Reached skill level 15 in Fighting
 20268 | D:11     | Reached skill level 15 in Axes
 20687 | D:11     | Found a runed translucent door.
 20690 | D:11     | Noticed a centaur warrior
 20697 | D:11     | Found a runed translucent door.
 20697 | D:11     | Found a runed translucent door.
 20697 | D:11     | Found a runed translucent door.
 20697 | D:11     | Noticed a two-headed ogre
 20697 | D:11     | Noticed a two-headed ogre
 20697 | D:11     | Noticed a boulder beetle
 20697 | D:11     | Noticed a centaur warrior
 20697 | D:11     | Noticed a seven-headed hydra
 20705 | D:11     | Identified the ring "Ummuocy" {rN+ AC+4 Int+5 Stlth+}
 20716 | D:11     | Received a gift from Trog
 20721 | D:11     | Killed an 11-headed hydra
 20723 | D:11     | Identified the amulet "Icre" {Spirit rElec Regen+}
 20755 | D:11     | Identified the ring of Zuleshia {rElec rPois MP+9 Stlth+}
 20942 | D:11     | Identified the amulet of Temperance {Reflect Regen+ SH+5}
 21164 | Lair:1   | Entered Level 1 of the Lair of Beasts
 21169 | Lair:1   | Noticed Amaemon
 21190 | Lair:1   | Killed Amaemon
 21191 | Lair:1   | Reached XP level 13. HP: 100/127 MP: 9/12
 21921 | Lair:1   | Found a hide-covered altar of Uskayaw.
 21921 | Lair:1   | Found an ornate altar of the Wu Jian Council.
 21978 | Lair:1   | Found an opulent altar of Gozag.
 23060 | Lair:2   | Reached skill level 1 in Maces & Flails
 23060 | Lair:2   | Reached skill level 1 in Shields
 23092 | Lair:2   | Found a staircase to the Swamp.
 23304 | Lair:3   | Found a staircase to the Snake Pit.
 24244 | Lair:3   | Reached XP level 14. HP: 133/138 MP: 13/13
 24951 | Lair:4   | Reached skill level 5 in Maces & Flails
 24955 | Lair:4   | Reached skill level 5 in Shields
 25065 | Lair:4   | Found a viscous altar of Jiyva.
 25066 | Lair:4   | Found a staircase to the Slime Pits.
 25369 | Lair:4   | Received a gift from Trog
 25708 | Lair:4   | Identified the +1 ring mail of the Sea {+Inv rElec Dex+3}
 25756 | Lair:4   | Identified the +11 mace of the Destroying Fool {pain,
                  | Fragile rN+ Str+3 Int+4}
 25890 | Lair:4   | Noticed Rupert
 25901 | Lair:4   | Killed Rupert
 26378 | Lair:5   | Entered Level 5 of the Lair of Beasts
 28604 | D:12     | Received a gift from Trog
 28897 | D:12     | Found a staircase to the Orcish Mines.
 28957 | D:12     | Found a shimmering altar of Xom.
 28959 | D:12     | Found a white marble altar of Elyvilon.
 28959 | D:12     | Found a burning altar of Makhleb.
 28961 | D:12     | Found an iron altar of Okawaru.
 28961 | D:12     | Found a shimmering altar of Xom.
 28961 | D:12     | Found an ornate altar of the Wu Jian Council.
 29513 | D:13     | Reached XP level 15. HP: 142/147 MP: 14/14
 31702 | D:14     | Reached skill level 10 in Maces & Flails
 31767 | D:14     | Found a gate to the Vaults.
 31780 | D:14     | Reached skill level 10 in Shields
 32484 | D:15     | Entered Level 15 of the Dungeon
 34458 | D:15     | Found a staircase to the Depths.
 36297 | Orc:1    | Entered Level 1 of the Orcish Mines
 36301 | Orc:1    | Noticed Nergalle
 36303 | Orc:1    | Found a frozen archway.
 36318 | Orc:1    | Killed Nergalle
 36378 | IceCv    | Entered an ice cave
 37205 | IceCv    | Found the +9 sword of Zonguldrok {reap}
 37641 | IceCv    | Received a gift from Trog
 37689 | IceCv    | Identified the staff of conjuration "Jaraqe" {Fly Will+
                  | Str+2}
 37711 | IceCv    | Identified the +2 leather armour "Elyxuunn" {rElec rC-
                  | rN+++ Int-4}
 37970 | Orc:1    | Noticed Fannar
 37987 | Orc:1    | Killed Fannar
 38115 | Orc:1    | Found Emefosu's Distillery.
 38127 | Orc:1    | Noticed Josephine
 38138 | Orc:1    | Killed Josephine
 38159 | Orc:1    | Bought a potion of ambrosia for 112 gold pieces
 38159 | Orc:1    | Bought a potion of heal wounds for 70 gold pieces
 38159 | Orc:1    | Bought a potion of cancellation for 112 gold pieces
 38210 | Orc:2    | Entered Level 2 of the Orcish Mines
 38602 | Orc:1    | Reached XP level 16. HP: 157/157 MP: 15/15
 39472 | Orc:2    | Reached ****** piety under Trog
 39827 | Orc:2    | Found Yworiel's Weapon Boutique.
 39828 | Orc:2    | Found Qoexam's Antique Weapon Emporium.
 39828 | Orc:2    | Found Jaoluv's General Store.
 39828 | Orc:2    | Found Waest's Weapon Shoppe.
 39968 | Orc:2    | Found a runed translucent gate.
 39968 | Orc:2    | Found a runed translucent gate.
 39969 | Orc:2    | Found a runed translucent gate.
 39975 | Orc:2    | Noticed bronco's ghost (journeyman TrAr)
 40024 | Orc:2    | Found a staircase to the Elven Halls.
 40081 | Orc:2    | Found a burning altar of Makhleb.
 40779 | Swamp:1  | Entered Level 1 of the Swamp
 41164 | Swamp:1  | Received a gift from Trog
 44193 | Swamp:2  | Reached skill level 15 in Shields
 44739 | Swamp:2  | Acquired the +6 tower shield of Patience {Harm rPois Will-
                  | rCorr}
 44783 | Swamp:3  | Noticed Aizul
 45138 | Swamp:3  | Noticed a thorn hunter
 45153 | Swamp:3  | Killed a thorn hunter
 45165 | Swamp:3  | Received a gift from Trog
 45401 | Swamp:3  | Killed Aizul
 46231 | Swamp:4  | Entered Level 4 of the Swamp
 47110 | Swamp:4  | Noticed Donald
 47117 | Swamp:3  | Reached XP level 17. HP: 166/166 MP: 16/16
 47278 | Swamp:3  | Killed Donald
 47288 | Swamp:3  | Acquired a +4 antimagic hand crossbow
 47315 | Swamp:3  | Reached skill level 1 in Ranged Weapons
 48306 | Swamp:4  | Reached skill level 5 in Ranged Weapons
 48748 | Swamp:4  | Noticed Mara
 48823 | Swamp:4  | Noticed Pepete's illusion
 48840 | Swamp:4  | Killed Mara
 50563 | Swamp:4  | Got a decaying rune of Zot
 50881 | Snake:1  | Entered Level 1 of the Snake Pit
 50976 | Snake:1  | Reached skill level 10 in Ranged Weapons
 51501 | Snake:1  | Identified Roxanne's Spellbook of Talus
 51501 | Snake:1  | Noticed Roxanne
 51520 | Snake:1  | Killed Roxanne
 51715 | Snake:1  | Received a gift from Trog
 52265 | Snake:1  | Found a glowing golden altar of the Shining One.
 52590 | Snake:1  | Found a large runed translucent door.
 52590 | Snake:1  | Found a large runed translucent door.
 52897 | Snake:1  | Noticed Pepete's ghost (adept DjFE)
 54053 | Snake:1  | Found Doitum's Tiny Tomes.
 55249 | Snake:2  | Reached XP level 18. HP: 173/173 MP: 17/17
 56701 | D:10     | You paid a toll of 14 scrolls of teleportation to enter a
                  | treasure trove
 56702 | Trove    | Entered a treasure trove
 56745 | Trove    | Identified the amulet "Meumi" {Faith rF- Int+4}
 56751 | Trove    | Identified the ring of Laife {rElec Str+6}
 56778 | Trove    | Identified the +1 ring mail of Emmyela {Regen+ rCorr Int-4
                  | Dex+4}
 56780 | Trove    | Identified the +1 hand axe of Nuejeetz {freeze, rElec rF+
                  | Dex+2}
 56790 | Trove    | Identified the ring "Baca" {rPois rC- Will+ Int+3}
 57215 | Snake:3  | Received a gift from Trog
 58166 | Snake:4  | Entered Level 4 of the Snake Pit
 59061 | Snake:4  | Reached skill level 15 in Ranged Weapons
 59356 | Snake:4  | Noticed Vashnia
 59372 | Snake:4  | Killed Vashnia
 59910 | Snake:4  | Identified the +6 war axe of Satyriasis {heavy, *Noise rC+
                  | rN+ Dex+4} (Trog gifted it to you on level 4 of the Snake
                  | Pit)
 59910 | Snake:4  | Received a gift from Trog
 61012 | Snake:4  | Got a serpentine rune of Zot
 61662 | Elf:1    | Entered Level 1 of the Elven Halls
 65295 | Elf:1    | Identified the +5 quarterstaff of the Swamp {elec, rC+}
 66220 | Elf:1    | Found a runed translucent gate.
 66220 | Elf:1    | Found a runed translucent gate.
 66220 | Elf:1    | Found a runed translucent gate.
 66220 | Elf:1    | Found a runed translucent gate.
 66220 | Elf:1    | Found a runed translucent gate.
 66222 | Elf:1    | Found a runed translucent gate.
 66719 | Elf:1    | Reached XP level 19. HP: 181/181 MP: 6/18
 66921 | Elf:1    | Glimpsed the power of Zot.
 66989 | Elf:1    | Paralysed by an air elemental for 1 turns
 66993 | Elf:1    | Found a runed translucent gate.
 66993 | Elf:1    | Found a runed translucent gate.
 66993 | Elf:1    | Found a runed translucent gate.
 67014 | Elf:1    | Received a gift from Trog
 67110 | Abyss:2  | Cast into level 2 of the Abyss (a deep elf sorcerer)
 67342 | Abyss:2  | Paralysed by accursed screaming for 2 turns
 67348 | Abyss:2  | Paralysed by accursed screaming for 2 turns
 67361 | Abyss:2  | HP: 8/182 [sun demon[a balrug] (18)]
 67365 | Abyss:2  | HP: 2/182 [starcursed mass/accursed screaming (15)]
 67366 | Abyss:2  | Killed from afar by a starcursed mass

Illustrated notes

Levels and vault maps discovered:
D:1:      erik_arrival_orb_chamber, layout_basic
D:2:      layout_basic
D:3:      layout_rooms, hangedman_decor_clover_reticule, interstate_on_off,
          minmay_shallow_snake_nest, uniq_terence
D:4:      minmay_chambers_of_threes, layout_basic, grunt_qazlal_sundering,
          minmay_temple_entry_enclosed_plants, chequers_serial_rivers_large_b
D:5:      layout_basic, kennysheep_mini_moat, kennysheep_cross_room, uniq_pikel,
          uniq_eustachio, uniq_blork_the_orc
D:6:      layout_loops_corners, lemuel_tele_altar, minmay_checkerbox
D:7:      cheibrodos_fzero, layout_rooms, mainiacjoe_overflow_paths,
          minmay_crystal_room, uniq_maggie, uniq_crazy_yiuf_cottage
D:8:      layout_basic, mainiacjoe_overflow_alcove_3, xom_butterflies,
          special_room [special_room_orc], gammafunk_ghost_gnarly_gnolls,
          uniq_erica
D:9:      layout_stronghold, erik_lair_orcish_takeover, serial_undead,
          serial_undead_f, serial_undead_d, serial_undead_c, serial_undead_b,
          serial_undead_c, serial_undead_d, serial_undead_f, enter_bailey_8,
          uniq_maurice
D:10:     layout_irregular_city, fedhas_altar_2, enter_trove_6
D:11:     minmay_the_grid_triangle_9x9_line_8_mashed
          [minmay_the_grid_triangle_9x9_flanged_cone,
          minmay_the_grid_triangle_9x9_corrupted_corridor,
          minmay_the_grid_triangle_9x9_warning,
          minmay_the_grid_triangle_9x9_from_above,
          minmay_the_grid_triangle_9x9_subtriangle,
          minmay_the_grid_triangle_9x9_stretched_checkered,
          minmay_the_grid_triangle_9x9_fully_insulated_deathbox,
          minmay_the_grid_triangle_9x9_prize_special], layout_irregular_city,
          minmay_lindwurm_lava
D:12:     layout_gridville, orc_0_dummy, doesnt_xom_only_xom
D:13:     layout_irregular_city
D:14:     cheibrodos_elevator_heist, layout_long_grid, erik_vaults_1
D:15:     hangedman_depths_entry_civil_slaughter, layout_gridville,
          chequers_serial_rivers_micro_d
Lair:1:   layout_gridlike, basic_altar, nzn_masters_of_martial_movement,
          uniq_amaemon
Lair:2:   layout_concentric_octagons, minmay_swamp_entry_swarm,
          grunt_megastairs_2
Lair:3:   layout_chaotic_city, guppyfry_snake_entry_island, beast_lair_carwin_4,
          grunt_megastairs_1, serial_bayou_shore_b
Lair:4:   layout_loops_ring, nicolae_slime_entry_slimehenge,
          amcnicky_mini_pool_medium, uniq_rupert
Lair:5:   hangedman_lair_tendril_chambers, layout_long_grid
Swamp:1:  layout_falls_marsh, evilmike_swamp_ruin_house_2
Swamp:2:  layout_basic_swamp, hangedman_swamp_ruin_hall, swamp_pool5,
          nzn_swamp_dancing_lights
Swamp:3:  layout_basic_swamp, nicolae_swamp_tree_designs, swamp_pool1,
          uniq_aizul
Swamp:4:  swamp, layout_basic_swamp, infiniplex_staircase_pool, uniq_mara,
          uniq_donald
Snake:1:  layout_onion_interference, basic_altar, ebering_ghost_disaster_area,
          nicolae_shop_i_like_small_books_too, serial_bayou_shore_a,
          uniq_roxanne
Snake:2:  layout_rooms, nicolae_snake_single_loop, drop_trap
Snake:3:  layout_gridlike, nicolae_snake_salamander_jacuzzi
Snake:4:  johnstein_snake_rune_scales, layout_cave_town,
          nicolae_fountain_basement, uniq_vashnia
Orc:1:    layout_diamond_mine, portal_ice_cave_entry_pillars_2, serial_shops,
          nicolae_shop_just_a_little_nook, uniq_nergalle, uniq_josephine,
          uniq_fannar
Orc:2:    st_orc_ogre_mass, layout_caves, basic_altar,
          maelrawn_ghost_gauntlet_escape
Elf:1:    layout_geoelf_grid, ebering_ghost_rock_garden, orc_legates,
          st_stairs_13, nicolae_elf_deep_mausoleum
Abyss:2:  base:
Orc:2

Skill      XL: |  1  2  3  4  5  6  7  8  9 10 11 12 13 14 15 16 17 18 19 |
---------------+----------------------------------------------------------+-----
Armour         | 3 4 5 7 9 10 12 14 15 16 17 18 19 | 19.3
Axes           | 4 5 6 7 8 10 12 13 15 16 | 16.4
Fighting       | 4 5 6 7 8 10 12 13 15 16 17 18 19 | 19.1
Maces & Flails | 4 9 12 14 | 14.9
Shields        | 4 9 12 15 | 15.9
Ranged Weapons | 12 17 18 | 18.1
Dodging        | |  2.1

Action                     |  1- 3 |  4- 6 |  7- 9 | 10-12 | 13-15 | 16-18 | 19-21 || total
---------------------------+-------+-------+-------+-------+-------+-------+-------++-------
  Melee: Hand axe          |    67 |       |       |       |       |       |       ||    67
         Headbutt          |     8 |    16 |    48 |   132 |   413 |   344 |    19 ||   980
         War axe           |     2 |    89 |   185 |   162 |       |       |       ||   438
         Punch             |       |       |     4 |     2 |       |       |       ||     6
         Broad axe         |       |       |       |    14 |    11 |       |       ||    25
         Battleaxe         |       |       |       |   384 |   105 |       |       ||   489
         Demon whip        |       |       |       |       |  1386 |   713 |       ||  2099
         Eveningstar       |       |       |       |       |       |   790 |    98 ||   888
   Fire: Hand crossbow     |       |       |       |       |       |   227 |    36 ||   263
  Throw: Throwing net      |       |       |       |     2 |     2 |       |       ||     4
 Invoke: Berserk           |     1 |     2 |     8 |     9 |     6 |     9 |     2 ||    37
         Trog's Hand       |       |       |     2 |     3 |     6 |    12 |     1 ||    24
         Brothers in Arms  |       |       |       |       |     2 |     2 |       ||     4
  Evoke: Wand              |       |       |       |     5 |     1 |     6 |       ||    12
    Use: Scroll            |     4 |       |     7 |    13 |    14 |     8 |     1 ||    47
         Potion            |       |       |       |     4 |       |     3 |     9 ||    16
   Stab: Petrified         |       |       |       |       |     9 |       |       ||     9
         Distracted        |       |       |       |       |     2 |     1 |       ||     3
 Armour: Animal skin       |    25 |       |       |       |       |       |       ||    25
         Chain mail        |       |    68 |   128 |   304 |   550 |       |       ||  1050
         Crystal plate arm |       |       |       |       |    75 |   800 |    53 ||   928
  Dodge: Dodged            |    49 |    57 |   105 |   321 |   328 |   234 |    14 ||  1108
  Block: Buckler           |       |       |       |       |   387 |       |       ||   387
         Kite shield       |       |       |       |       |   196 |   282 |       ||   478
         Reflection        |       |       |       |       |    19 |   187 |    20 ||   226
         Tower shield      |       |       |       |       |       |  1545 |   129 ||  1674
